 Dungeon Crawl Stone Soup version 0.19.1 (webtiles) character file.

3490 TheSquall the Carver (level 9, 63/70 HPs)
             Began as a Minotaur Fighter on Dec 14, 2016.
             Was a Follower of Okawaru.
             Quit the game on level 7 of the Dungeon on Dec 15, 2016.
             The game lasted 00:12:22 (6979 turns).

TheSquall the Carver (Minotaur Fighter)             Turns: 6979, Time: 00:12:22

Health: 63/70      AC: 14    Str: 22    XL:     9   Next: 80%
Magic:  13/13      EV:  4    Int:  5    God:    Okawaru [*.....]
Gold:   506        SH:  9    Dex: 12    Spells: 1 memorised, 6 levels left

rFire  + . .     SeeInvis .     a - +0 long sword
rCold  x . .     Gourm    .     L - +0 plate armour
rNeg   . . .     Faith    .     c - +0 shield
rPois  .         Spirit   .     (helmet restricted)
rElec  .         Reflect  .     x - +2 cloak of Wrong Decisions {Regen+}
rCorr  .         Harm     .     (no gloves)
MR     .....                    (no boots)
Stlth  ..........               (no amulet)
                                E - ring of fire
                                (no ring)

@: no status effects
A: retaliatory headbutt, horns 2
a: Heroism, Renounce Religion


You were on level 7 of the Dungeon.
You worshipped Okawaru.
Okawaru was aware of your devotion.
You were not hungry.

You visited 2 branches of the dungeon, and saw 9 of its levels.
You also visited: Sewer.

You collected 506 gold pieces.

Inventory:

Hand Weapons
 a - a +0 long sword (weapon)
Armour
 c - a +0 shield (worn)
 x - the +2 cloak of Wrong Decisions (worn) {Regen+}
   (You found it on level 4 of the Dungeon)

   It increases your rate of regeneration.
 G - a +1 cloak
 L - a +0 plate armour (worn)
Jewellery
 C - a cursed ring of loudness {unknown}
 D - the amulet of Idealism {Inacc rN+}
   (You found it on level 5 of the Dungeon)

   [amulet of inaccuracy]

   It reduces the accuracy of all your attacks.
   It protects you from negative energy.
 E - a ring of fire (right hand)
 M - an uncursed ring of magical power {unknown}
Wands
 b - a wand of paralysis (10/24)
 A - a wand of paralysis (13/24)
Scrolls
 d - 3 scrolls of fog {unknown}
 e - a scroll of enchant armour {unknown}
 i - 9 scrolls of teleportation
 j - 4 scrolls of remove curse
 m - 2 scrolls of enchant weapon {unknown}
 n - 3 scrolls of fear {unknown}
 p - 5 scrolls of identify {unknown}
 t - a scroll of magic mapping {unknown}
 u - 2 scrolls of blinking {unknown}
 w - a scroll of recharging {unknown}
 y - 5 scrolls of amnesia {unknown}
 I - a scroll of noise {unknown}
Potions
 h - a potion of agility
 k - 4 potions of flight
 l - 2 potions of curing
 q - a potion of invisibility {unknown}
 r - 3 potions of brilliance {unknown}
 v - a potion of haste {unknown}
 z - a potion of lignification {unknown}
 F - a potion of heal wounds {unknown}
Books
 H - a book of Minor Magic

   Spells                             Type                      Level
   a - Magic Dart                     Conjuration                  1
   b - Blink                          Translocation                2
   c - Call Imp                       Summoning                    2
   d - Repel Missiles                 Charms/Air                   2
   e - Slow                           Hexes                        2
   f - Conjure Flame                  Conjuration/Fire             3
   g - Mephitic Cloud                 Conjuration/Poison/Air       3
 K - a book of Necromancy

   Spells                             Type                      Level
   a - Pain                           Necromancy                   1
   b - Animate Skeleton               Necromancy                   1
   c - Vampiric Draining              Necromancy                   3
   d - Regeneration                   Charms/Necromancy            3
   e - Animate Dead                   Necromancy                   4
   f - Control Undead                 Necromancy                   4
Comestibles
 f - 3 bread rations
 g - 2 royal jellies
 o - 5 meat rations
 s - 2 slices of pizza
 B - 2 beef jerkies
 J - 4 chunks of flesh


   Skills:
 - Level 3.6 Fighting
 - Level 14.0 Long Blades
 - Level 3.6 Armour
 - Level 3.6 Shields
 + Level 6.8 Invocations


You had 6 spell levels left.
You knew the following spells:

 Your Spells              Type           Power        Failure   Level  Hunger
a - Blink                 Tloc           N/A          100%        2    ###....


Dungeon Overview and Level Annotations

Branches:
Dungeon (8/15)             Temple (1/1) D:6
   Lair: D:8-11

Altars:
Ashenzari
Cheibriados
Dithmenos
Elyvilon
Fedhas
Hepliaklqana
Makhleb
Okawaru
Qazlal
Ru
Uskayaw
Xom
Zin
The Shining One


Innate Abilities, Weirdness & Mutations

You reflexively headbutt those who attack you in melee.
You have a pair of horns on your head.


Message History

There is a stone staircase leading up, spattered with blood here.
The orc warrior hits you but does no damage.
The orc priest hits you but does no damage.
You climb upwards.
There is a stone staircase leading down here.
Unknown command.
You hit the orc priest but do no damage.
The orc priest is heavily wounded.
You block the orc priest's attack.
You slash the orc priest!
You kill the orc priest!
Okawaru accepts your kill.
No target in view!
No target in view!
You start resting.
Magic restored.
Welcome back, TheSquall the Minotaur Fighter.
Okawaru says: Bring me glory in combat!
Press ? for a list of commands and other information.
Are you sure you want to abandon this character and quit the game? (Confirm with "yes".)

##.#^.####...###
##...........#.
#.......#.....
#.###......... ##.#
###......# ##..#
#......# ####..##
##....## #.##..##
###...#
##@.#..#####....###
######......###...
##..#### #... ##.#
#..# #.## #.## #..#
#.# #..# #.#
####..## #.#
####...>..####.#


There were no monsters in sight!

Vanquished Creatures
  Joseph (D:7)
  The ghost of ohados the Changer, a novice OpTm (D:5)
  Grinder (D:5)
  Duvessa (D:7)
  A sky beast (D:5)
  A necrophage (D:6)
  An orc warrior (D:7)
  A black bear (D:6)
  A phantom (D:5)
  3 ogres
  5 centaurs
  3 bullfrogs
  6 scorpions
  Dowan (D:7)
  3 killer bees (D:7)
  A crimson imp (D:5)
  2 hounds
  3 jellies (D:7)
  A centaur zombie (D:7)
  2 orc priests (D:7)
  A centaur skeleton (D:5)
  Crazy Yiuf (D:3)
  Natasha (thrice) (D:2)
  Terence (D:2)
  An iguana (D:7)
  An orc wizard (D:2)
  3 worker ants
  A hound skeleton (D:6)
  A howler monkey zombie (D:7)
  Robin (D:3)
  3 gnolls
  10 adders
  7 oozes
  An adder skeleton (D:4)
  6 worms
  6 leopard geckos
  10 orcs
  3 ball pythons
  19 bats
  3 giant cockroaches
  15 goblins
  11 hobgoblins
  14 jackals
  7 kobolds
  4 frilled lizards
  A leopard gecko skeleton (D:5)
  7 rats
180 creatures vanquished.

Notes
Turn   | Place    | Note
-------+----------+-------------------------------------------
     0 | D:1      | TheSquall the Minotaur Fighter began the quest for the Orb.
     0 | D:1      | Reached XP level 1. HP: 19/19 MP: 0/0
    38 | D:1      | Reached skill level 3 in Long Blades
    42 | D:1      | Reached XP level 2. HP: 24/26 MP: 1/1
   303 | D:1      | Reached skill level 4 in Long Blades
   632 | D:1      | Reached XP level 3. HP: 31/31 MP: 2/2
  1173 | D:2      | Noticed Terence
  1182 | D:2      | Killed Terence
  1182 | D:2      | Reached skill level 5 in Long Blades
  1182 | D:2      | Reached XP level 4. HP: 23/39 MP: 3/3
  1268 | D:2      | Noticed Natasha
  1278 | D:2      | Killed Natasha
  1288 | D:2      | Noticed Natasha
  1297 | D:2      | Killed Natasha
  1297 | D:2      | Reached skill level 6 in Long Blades
  1369 | D:2      | Noticed Natasha
  1369 | D:2      | Reached XP level 5. HP: 22/45 MP: 4/4
  1373 | D:2      | Killed Natasha
  1801 | D:3      | Found a runed door.
  1926 | D:3      | Noticed Robin
  1933 | D:3      | Reached skill level 7 in Long Blades
  1951 | D:3      | Killed Robin
  2241 | D:2      | HP: 1/45 [something (2)]
  2244 | D:2      | Reached XP level 6. HP: 2/51 MP: 5/5
  2753 | D:3      | Reached skill level 8 in Long Blades
  2954 | D:3      | Noticed Crazy Yiuf
  2959 | D:3      | Killed Crazy Yiuf
  3023 | D:4      | Got a heavily runed cloak
  3029 | D:4      | Identified the +2 cloak of Wrong Decisions {Regen+} (You found it on level 4 of the Dungeon)
  3340 | D:4      | Reached skill level 9 in Long Blades
  3369 | D:5      | Entered Level 5 of the Dungeon
  3465 | D:5      | Reached XP level 7. HP: 56/57 MP: 6/6
  3562 | D:5      | Got a serpentine lead amulet
  3578 | D:5      | Identified the amulet of Idealism {Inacc rN+} (You found it on level 5 of the Dungeon)
  3690 | D:5      | Reached skill level 10 in Long Blades
  3748 | D:5      | Noticed ohados's ghost (novice OpTm)
  3758 | D:5      | Killed ohados's ghost
  3758 | D:5      | Reached skill level 11 in Long Blades
  3858 | D:5      | Noticed Grinder
  3867 | D:5      | Paralysed by Grinder for 6 turns
  3887 | D:5      | Paralysed by Grinder for 7 turns
  3894 | D:5      | Killed Grinder
  3894 | D:5      | Reached XP level 8. HP: 36/64 MP: 7/7
  4202 | D:6      | Found a staircase to the Ecumenical Temple.
  4304 | D:6      | Reached skill level 12 in Long Blades
  4417 | D:6      | Reached skill level 13 in Long Blades
  4494 | D:6      | Found a glowing drain.
  4502 | Sewer    | Entered a sewer
  5234 | D:6      | Reached XP level 9. HP: 64/70 MP: 8/8
  5508 | Temple   | Entered the Ecumenical Temple
  5516 | Temple   | Became a worshipper of Warmaster Okawaru
  5689 | D:7      | Reached skill level 14 in Long Blades
  5726 | D:7      | Learned a level 2 spell: Blink
  5733 | D:7      | Reached skill level 1 in Invocations
  5793 | D:7      | Noticed Dowan
  5796 | D:7      | Noticed Duvessa
  5802 | D:7      | Killed Dowan
  5810 | D:7      | Killed Duvessa
  5948 | D:7      | Noticed Joseph
  5965 | D:7      | Killed Joseph
  5965 | D:7      | Reached * piety under Okawaru
  5965 | D:7      | Reached skill level 5 in Invocations
  6979 | D:7      | Quit the game

Skill      XL: |  1  2  3  4  5  6  7  8  9 |
---------------+----------------------------+-----
Long Blades    | 3 4 5 6 7 9 11 13 14 | 14.0
Invocations    | 6 |  6.8
Fighting       | |  3.6
Armour         | |  3.6
Shields        | |  3.6

Action                   |  1- 3 |  4- 6 |  7- 9 || total
-------------------------+-------+-------+-------++-------
Melee: Long sword        |    65 |   176 |   337 ||   578
       Headbutt          |    15 |    25 |    65 ||   105
  Use: Potion            |       |     1 |     4 ||     5
       Scroll            |       |       |     2 ||     2
 Stab: Held in net/web   |       |       |     1 ||     1
  Eat: Chunk             |     1 |     7 |    12 ||    20
Armor: Scale mail        |    17 |    89 |    99 ||   205
       Plate armour      |       |       |    43 ||    43
Dodge: Dodged            |    22 |    52 |    78 ||   152
Block: Shield            |    33 |    95 |   168 ||   296
       Rpst.: Long sword |     6 |    12 |    22 ||    40
